 Dungeon Crawl Stone Soup version 0.30-a0-365-ge7f957f1db (webtiles) character file.

Game seed: 8707660446699862669

193 mopl the Insei (level 6, -1/42 HPs)
             Began as a Djinni Transmuter on Nov 15, 2022.
             Was a Believer of Dithmenos.
             Slain by a kobold brigand
             ... wielding a +2 dagger of speed
              (3 damage)
             ... on level 4 of the Dungeon on Nov 16, 2022.
             The game lasted 00:04:56 (2976 turns).

mopl the Insei (Djinni Transmuter)                  Turns: 2976, Time: 00:04:57

Health: -1/42      AC:  2    Str: 11    XL:     6   Next: 3%
Gold:   188        EV: 20    Int: 15    God:    Dithmenos [**....] SH:  0 Dex: 24

rFire   . . .      SeeInvis +      - Unarmed
rCold   . . .      Faith    .    (shield currently unavailable)
rNeg    . . .      Spirit   .    (body armour currently unavailable)
rPois   ∞          Reflect  .    (helmet currently unavailable)
rElec   .          Harm     .    (cloak currently unavailable)
rCorr   .          Rampage  .    (gloves currently unavailable)
Will    .....                    (boots unavailable)
Stlth   ++........               (no amulet)
HPRegen 0.27/turn                f - +6 ring of dexterity
MPRegen 0.00/turn                g - ring of see invisible

@: spider-form (expiring), flying, wreathed by umbra
A: venomous fangs, flying, sickness immunity, tiny, (fire resistance 2), (cold
vulnerability 1), float, innate caster, HP casting, extra vitality 1
a: End Transformation, Renounce Religion, Shadow Step


You were on level 4 of the Dungeon.
You worshipped Dithmenos.
Dithmenos was pleased with you.
You were a venomous arachnid creature.
You visited 1 branch of the dungeon, and saw 4 of its levels.

You collected 188 gold pieces.

Inventory:

Missiles
 m - 8 poisoned darts
Armour
 a - a +0 robe (melded)
Magical Staves
 e - a staff of conjuration
Jewellery
 f - a +6 ring of dexterity (left front leg)
 g - a ring of see invisible (right front leg)
Scrolls
 c - 4 scrolls of teleportation {unknown}
 d - 3 scrolls of enchant weapon {unknown}
 h - a scroll of fog {unknown}
 i - a scroll of vulnerability {unknown}
 k - a scroll of noise {unknown}
 o - a scroll of enchant armour {unknown}
 p - a scroll of brand weapon {unknown}
 q - 3 scrolls of magic mapping {unknown}
 u - a scroll of immolation {unknown}
Potions
 b - 2 potions of lignification {!q}
 j - a potion of might
 l - 7 potions of curing {unknown}
 r - a potion of haste {unknown}
 s - a potion of heal wounds


   Skills:
 - Level 1.0 Fighting
 - Level 2.1 Dodging
 * Level 5.2 Unarmed Combat
 + Level 2.7 Spellcasting
 + Level 1.1 Invocations


You couldn't memorise any spells.
You knew the following spells:

 Your Spells              Type           Power      Damage    Failure   Level
a - Beastly Appendage     Tmut           20%        N/A       19%         1
b - Spider Form           Tmut/Pois      10%        N/A       41%         3
c - Static Discharge      Conj/Air       20%        2-3/arc   24%         2
d - Ice Form              Ice/Tmut       10%        N/A       75%         4
e - Necrotise             Necr           40%        1d6       19%         1
w - Wereblood             Tmut           10%        N/A       24%         2
Your spell library was empty.

Dungeon Overview and Level Annotations

Branches:
Dungeon (4/15)
 Temple: D:4-7

Altars:
Dithmenos


Innate Abilities, Weirdness & Mutations

You are a venomous arachnid creature.
You have poisonous fangs.
You are tiny and dextrous.
You are flying.
Your spellcasting is less reliable in this form.
Your armour is entirely melded.
You are incapable of wielding weapons or throwing items.
You are immune to sickness and miasma.
You are immune to poison.
((Your flesh is very heat resistant. (rF++)))
((You are vulnerable to cold. (rC-)))
You float through the air rather than walking.
You learn spells naturally, not from books.
Your magical power is your life essence.
You have superior vitality. (+4 MHP)


Message History

The kobold brigand hits you with a +2 dagger of speed.
You are too injured to fight recklessly!
You are too injured to fight recklessly!
You barely miss the kobold brigand.
The kobold brigand is moderately wounded.
The kobold brigand barely misses you. The kobold brigand misses you.
You hit the kobold brigand.
The kobold brigand is lightly wounded.
Your transformation is almost over.
The kobold brigand hits you with a +0 club.
The kobold brigand barely misses you.
You hit the kobold brigand.
The kobold brigand is poisoned.
The kobold brigand is moderately wounded.
The kobold brigand closely misses you. The kobold brigand misses you.
The kobold brigand barely misses you.
You hit the kobold brigand but do no damage.
The kobold brigand looks even sicker.
The kobold brigand is moderately wounded.
The kobold brigand hits you with a +0 club.
The kobold brigand closely misses you.
You barely miss the kobold brigand.
The kobold brigand is moderately wounded.
The kobold brigand barely misses you. The kobold brigand misses you.
You hit the kobold brigand but do no damage.
The kobold brigand is moderately wounded.
The kobold brigand completely misses you.
The kobold brigand closely misses you.
The kobold brigand hits you with a +0 club!
* * * LOW HITPOINT WARNING * * *
Unknown command.
You hit the kobold brigand.
The kobold brigand is heavily wounded.
The kobold brigand hits you with a +2 dagger of speed!
* * * LOW HITPOINT WARNING * * *
The kobold brigand misses you.
Unknown command.
You barely miss the kobold brigand.
The kobold brigand is heavily wounded.
The kobold brigand hits you with a +2 dagger of speed.
You die...

... .....# ###.....#
..+...).. #######
#.#.....#
###.K)..###.......
#...Ks))).........
.....#####.....#... ##
... #≈≈≈####..# .### #
~~≈≈~≈~~..## ...###
~~~~~~~~#.## .....####
####~~~###.#
###.....## ########..#
....###..# #........##
....####.####........#


You could see 2 kobold brigands.

Vanquished Creatures
  A hound (D:4)
  An iguana (D:2)
  4 gnolls
  4 adders
  A worm (D:3)
  A dart slug (D:3)
  An orc (D:3)
  4 bats
  6 endoplasms
  A giant cockroach (D:1)
  3 goblins
  6 hobgoblins
  2 jackals (D:2)
  10 kobolds
  4 quokkas
  3 ball pythons (D:3)
  2 frilled lizards (D:1)
  4 rats
58 creatures vanquished.

Notes
Turn   | Place    | Note
-------+----------+-------------------------------------------
     0 | D:1      | mopl the Djinni Transmuter began the quest for the Orb.
     0 | D:1      | mopl set off with the following spells memorised: Beastly
                  | Appendage, Wereblood, Spider Form, Ice Form.
     0 | D:1      | Reached XP level 1. HP: 17/17 MP: 0/0
   441 | D:1      | Reached XP level 2. HP: 21/22 MP: 0/0
   441 | D:1      | Upgraded the game from 0.30-a0-364-gf6b3ef1049 to
                  | 0.30-a0-365-ge7f957f1db
  1037 | D:2      | Reached XP level 3. HP: 23/27 MP: 0/0
  1037 | D:2      | Learned a level 1 spell: Necrotise
  1065 | D:2      | Reached skill level 2 in Spellcasting
  1115 | D:2      | Reached skill level 4 in Unarmed Combat
  1115 | D:2      | Reached XP level 4. HP: 16/32 MP: 0/0
  1468 | D:2      | Reached XP level 5. HP: 23/37 MP: 0/0
  1468 | D:2      | Learned a level 2 spell: Static Discharge
  1514 | D:2      | Found a faded altar of an unknown god.
  1575 | D:2      | Prayed at the altar of an unknown god.
  1575 | D:2      | Became a worshipper of Dithmenos the Shadowed
  1575 | D:2      | Reached * piety under Dithmenos
  2586 | D:4      | Reached ** piety under Dithmenos
  2587 | D:4      | Reached skill level 5 in Unarmed Combat
  2707 | D:4      | Reached skill level 1 in Invocations
  2951 | D:4      | Reached XP level 6. HP: 34/42 MP: 0/0
  2975 | D:4      | HP: 2/42 [kobold brigand/+2 dagger of speed (7)]
  2976 | D:4      | Slain by a kobold brigand

Illustrated notes

Levels and vault maps discovered:
D:1:      minmay_arrival_widening_spiral_wide, layout_basic, lemuel_flame_loot_1
D:2:      layout_basic, nicolae_ecumenical_lake_church
D:3:      layout_basic
D:4:      cheibrodos_thug_alley, layout_basic

Skill      XL: |  1  2  3  4  5 |
---------------+----------------+-----
Spellcasting   | 2 |  2.7
Unarmed Combat | 4 5 |  5.2
Invocations    | 1 |  1.1
Fighting       | |  1.0
Dodging        | |  2.1

Action                   |  1- 3 |  4- 6 || total
-------------------------+-------+-------++-------
Melee: Unarmed           |    48 |   121 ||   169
       Headbutt          |     8 |    11 ||    19
       Punch             |       |     1 ||     1
 Cast: Beastly Appendage |    14 |    12 ||    26
       Spider Form       |     1 |     5 ||     6
  Use: Scroll            |       |     4 ||     4
       Potion            |       |     2 ||     2
 Stab: Sleeping          |     1 |     4 ||     5
Armor: Robe              |     7 |    10 ||    17
       Skin              |     1 |       ||     1
Dodge: Dodged            |    29 |    70 ||    99

Table legend: (Time is in decaauts)
 A = Elapsed time spent in this place.
 B = Non-inter-level travel time spent in this place.
 C = Inter-level travel time spent in this place.
 D = Time resting spent in this place.
 E = Time spent auto-exploring this place.
 F = Levels seen in this place.
 G = Mean time per level.
                   A        B        C        D        E       F      G
               +--------+--------+--------+--------+--------+-----+--------+
         Total |   2963 |   2866 |     97 |    434 |   1950 |   4 |  740.8 |
       Dungeon |   2963 |   2866 |     97 |    434 |   1950 |   4 |  740.8 |
               +--------+--------+--------+--------+--------+-----+--------+

Top non-repeatable levels by time:
     D:1: 1209 daAuts
     D:2: 733 daAuts
     D:3: 600 daAuts
     D:4: 419 daAuts
